 Dungeon Crawl Stone Soup version 0.27-a0-1048-g7ee7857c10 (webtiles) character file.

Game seed: 10501635831067715127

375 Lemonice the Skirmisher (level 6, -10/52 HPs)
             Began as a Palentonga Fighter on Apr 20, 2021.
             Was an Initiate of the Shining One.
             Mangled by an ogre
             ... wielding a +0 giant club
              (23 damage)
             ... on level 4 of the Dungeon.
             The game lasted 00:09:32 (4136 turns).

Lemonice the Skirmisher (Palentonga Fighter)        Turns: 4136, Time: 00:09:33

Health: -10/52     AC:  8    Str: 19    XL:     6   Next: 44%
Magic:  0/6        EV:  5    Int: 10    God:    the Shining One [......]
Gold:   74         SH:  9    Dex: 10    Spells: 5/5 levels left

rFire    . . .     SeeInvis +   j - +1 long sword (holy)
rCold    . . .     Faith    .   c - +0 kite shield
rNeg     . . .     Spirit   +   b - +0 scale mail
rPois    .         Reflect  .   t - +0 helmet
rElec    .         Harm     .   (no cloak)
rCorr    .         Rampage  .   (no gloves)
Will     .....                  (no barding)
Stlth    ..........             l - amulet of guardian spirit
HPRegen  0.17/turn              (no ring)
MPRegen  0.10/turn              (no ring)

@: glowing
A: large, rugged brown scales 3, see invisible, deformed body, roll 1, armoured
tail
a: Rolling Charge, Renounce Religion


You were on level 4 of the Dungeon.
You worshipped the Shining One.
The Shining One was noncommittal.
You visited 1 branch of the dungeon, and saw 4 of its levels.

You collected 122 gold pieces.
You spent 48 gold pieces at shops.

Inventory:

Hand Weapons
 a - a +0 long sword
 j - a +1 long sword of holy wrath (weapon)
Missiles
 h - 2 atropa-tipped darts
Armour
 b - a +0 scale mail (worn)
 c - a +0 kite shield (worn)
 t - a +0 helmet (worn)
Jewellery
 l - an amulet of guardian spirit (around neck)
 u - an amulet of the acrobat
Wands
 o - a wand of paralysis (7)
Scrolls
 d - 3 scrolls of brand weapon {unknown}
 e - a scroll of amnesia {unknown}
 k - a scroll of enchant armour {unknown}
 m - 5 scrolls of blinking {unknown}
 q - 3 scrolls of teleportation {unknown}
 r - a scroll of noise {unknown}
 s - a scroll of identify
Potions
 f - a potion of brilliance
 g - a potion of attraction
 i - a potion of haste {unknown}
 n - a potion of lignification {unknown}
 p - a potion of cancellation {unknown}


   Skills:
 + Level 4.4 Fighting
 + Level 3.7 Long Blades
 + Level 3.6 Armour
 + Level 3.7 Shields


You had 5 spell levels left.
You didn't know any spells.
Your spell library contained the following spells:

 Spells                   Type           Power      Damage    Failure   Level
 Corona                   Hex            0%         N/A       98%         1
 Magic Dart               Conj           0%         1d3       98%         1
 Blink                    Tloc           N/A        N/A       99%         2
 Call Imp                 Summ           0%         N/A       99%         2
 Ensorcelled Hibernation  Hex/Ice        0%         N/A       99%         2
 Slow                     Hex            0%         N/A       99%         2
 Confusing Touch          Hex            0%         N/A       100%        3
 Conjure Flame            Conj/Fire      0%         6-21      100%        3
 Dazzling Flash           Conj/Hex       0%         N/A       100%        3
 Mephitic Cloud           Conj/Pois/Air  0%         N/A       100%        3
 Tukima's Dance           Hex            0%         N/A       100%        3


Dungeon Overview and Level Annotations

Branches:
Dungeon (4/15)
 Temple: D:4-7

Altars:
Kikubaaqudgha
The Shining One

Shops:
D:1 ?:==[

Annotations:
D:4 Menkaure


Innate Abilities, Weirdness & Mutations

You are completely covered in rugged brown scales. (AC +3, +7% HP)
You have supernaturally acute eyesight. (SInv)
Armour fits poorly on your strangely shaped body.
You can roll at nearby foes to attack.
You have a long armoured tail.


Message History

The Shining One welcomes you!
You see here 22 stones.
Found 6 sling bullets.
Found a stone staircase leading down.
You now have 74 gold pieces (gained 6).
Found 11 poisoned darts.
Menkaure, Prince of Dust comes into view.
Menkaure shouts!
Unknown command.
You barely miss Menkaure.
An ogre comes into view. It is wielding a +0 giant club.
You block Menkaure's attack.
The ogre shouts!
You hit Menkaure.
Menkaure convulses.
Menkaure is moderately damaged.
You hear a shout!
Menkaure casts a spell.
Menkaure seems to speed up.
You hit Menkaure but do no damage.
Menkaure is moderately damaged.
You block Menkaure's attack. x2
You hit Menkaure but do no damage.
Menkaure is moderately damaged.
Menkaure calls on the powers of darkness!
Your body is wracked with pain!
You hit Menkaure.
Menkaure convulses.
Menkaure is heavily damaged.
Menkaure calls on the powers of darkness!
Your body is wracked with pain!
The ogre convulses!
Menkaure hums, "It doesn't hurt if you pull your brain out of your nose yourself."
You block Menkaure's attack.
You hit Menkaure.
Menkaure convulses.
Menkaure is almost destroyed.
You block the ogre's attack. Menkaure hits you!
* * * LOW HITPOINT WARNING * * *
You block Menkaure's attack.
You hit Menkaure.
Menkaure convulses.
Menkaure is almost destroyed.
The ogre hits you with a +0 giant club!!
You die...

.##............
.....#.._8_....#
.....#........##
..............#
##.(........###.##
###...#.......(.....
#...#.#.......###.##
#.OM.#.......# ..
#(@# #..#...##
#..###.#....#
#..##....#..#
####..##..###..#
#................
#........###...###
#..............#
#..............#
#..>...........#


You could see an ogre and Menkaure (fast).

Vanquished Creatures
  Sigmund (D:3)
  A scorpion (D:4)
  A centaur zombie (D:4)
  Robin (D:3)
  3 worms (D:2)
  A dart slug (D:2)
  An orc (D:3)
  5 ball pythons
  2 bats
  7 endoplasms
  5 giant cockroaches
  13 goblins
  3 hobgoblins
  18 jackals
  2 quokkas (D:2)
  4 frilled lizards
  8 kobolds
  5 rats
81 creatures vanquished.

Notes
Turn   | Place    | Note
-------+----------+-------------------------------------------
     0 | D:1      | Lemonice the Palentonga Fighter began the quest for the
                  | Orb.
     0 | D:1      | Reached XP level 1. HP: 19/19 MP: 1/1
    14 | D:1      | Found Boxischau's Jewellery Shop.
    27 | D:1      | Found Epenwa's Jewellery Emporium.
    32 | D:1      | Found Sunub's Armour Shop.
   109 | D:1      | Reached XP level 2. HP: 24/25 MP: 2/2
   607 | D:1      | Found a faded altar of an unknown god.
   635 | D:1      | Found Beataw's Magic Scroll Boutique.
   641 | D:1      | Found Uropluur's Book Shoppe.
   837 | D:1      | You fall into a shaft and drop 1 floor!
   898 | D:2      | Reached XP level 3. HP: 27/31 MP: 3/3
  1899 | D:1      | Bought a scroll of identify for 24 gold pieces
  1899 | D:1      | Bought a scroll of identify for 24 gold pieces
  2158 | D:3      | Noticed Robin
  2681 | D:3      | Reached XP level 4. HP: 36/37 MP: 4/4
  2746 | D:3      | Killed Robin
  2904 | D:3      | Noticed Sigmund
  2932 | D:3      | Killed Sigmund
  2933 | D:3      | Reached skill level 4 in Fighting
  2933 | D:3      | Reached XP level 5. HP: 6/44 MP: 1/5
  3013 | D:3      | Reached XP level 6. HP: 21/51 MP: 6/6
  4096 | D:4      | Found a glowing golden altar of the Shining One.
  4098 | D:4      | Found an ancient bone altar of Kikubaaqudgha.
  4107 | D:4      | Became a worshipper of the Shining One
  4129 | D:4      | Noticed Menkaure
  4136 | D:4      | Mangled by an ogre

Illustrated notes

Levels and vault maps discovered:
D:1:      evilmike_arrival_plus, layout_loops_ring, serial_shops, shop, shop,
          shop, shop, shop, shapermc_ecumenical_altar_notcrosses
D:2:      layout_loops_ring, minmay_split_cup_small
D:3:      layout_basic, uniq_sigmund, uniq_robin
D:4:      layout_rooms, chequers_temple_overflow_statue_of_worship,
          kennysheep_slug_shrine, grunt_ministairs_9, glass_columns_b,
          minmay_snake_closets, uniq_menkaure

Skill      XL: |  1  2  3  4 |
---------------+-------------+-----
Shields        | 3 |  3.7
Armour         | 3 |  3.6
Fighting       | 4 |  4.4
Long Blades    | 3 |  3.7

Action                   |  1- 3 |  4- 6 || total
-------------------------+-------+-------++-------
Melee: Long sword        |   128 |   104 ||   232
       Tailslap          |    12 |     7 ||    19
 Abil: Rolling Charge    |    25 |     9 ||    34
  Use: Scroll            |     3 |     1 ||     4
       Potion            |       |     3 ||     3
Armor: Scale mail        |    64 |    38 ||   102
Dodge: Dodged            |    29 |     9 ||    38
Block: Kite shield       |    67 |    59 ||   126
       Rpst.: Long sword |     9 |     2 ||    11

Table legend: (Time is in decaauts)
 A = Elapsed time spent in this place.
 B = Non-inter-level travel time spent in this place.
 C = Inter-level travel time spent in this place.
 D = Time resting spent in this place.
 E = Time spent auto-exploring this place.
 F = Levels seen in this place.
 G = Mean time per level.
                   A        B        C        D        E       F      G
               +--------+--------+--------+--------+--------+-----+--------+
         Total |   4257 |   4171 |     86 |    977 |   2471 |   4 | 1064.2 |
       Dungeon |   4257 |   4171 |     86 |    977 |   2471 |   4 | 1064.2 |
               +--------+--------+--------+--------+--------+-----+--------+

Top non-repeatable levels by time:
     D:3: 1524 daAuts
     D:2: 1490 daAuts
     D:1: 970 daAuts
     D:4: 271 daAuts
